 Dungeon Crawl Stone Soup version 0.24.1 (webtiles) character file.

Game seed: 11793295062402567391, levelgen mode: deterministic

2064 Destapler the Grasshopper (level 9, -5/68 HPs)
             Began as a Mummy Necromancer on Mar 29, 2020.
             Was a Plaything of Xom.
             Slain by an orc warrior
             ... wielding a +0 battleaxe
              (7 damage)
             ... on level 8 of the Dungeon.
             The game lasted 00:38:21 (6560 turns).

Destapler the Grasshopper (Mummy Necromancer)       Turns: 6560, Time: 00:38:21

Health: -5/68      AC: 17    Str: 17    XL:     9   Next: 5%
Magic:  1/15       EV: 12    Int: 17    God:    Xom [..*...]
Gold:   395        SH:  0    Dex: 15    Spells: 10/16 levels left

rFire    x . .     SeeInvis .   a - +2 short sword (protect)
rCold    + + .     Gourm    .   (no shield)
rNeg     + + +     Faith    .   t - +1 robe "Xoyfoklu" {rC+ MR+ Dex+2}
rPois    ∞         Spirit   .   (no helmet)
rElec    .         Reflect  .   v - +0 cloak
rCorr    .         Harm     .   s - +2 pair of gloves
MR       ++...                  f - +1 pair of boots
Stlth    ++........             j - amulet of the acrobat
HPRegen  0.21/turn              u - +6 ring of strength
MPRegen  0.14/turn              n - +1 ring of protection

@: protection aura, very slightly contaminated
A: no food or potions, fire vulnerability, cold resistance 1, negative energy
resistance 3, torment resistance, unbreathing
a: Renounce Religion


You were on level 8 of the Dungeon.
You worshipped Xom.
You were a toy of Xom.
You were not hungry.

You visited 2 branches of the dungeon, and saw 9 of its levels.

You collected 395 gold pieces.

Inventory:

Hand Weapons
 a - a +2 short sword of protection (weapon)
Missiles
 c - 14 poisoned darts
 i - 6 curare-tipped darts (quivered)
 p - 8 boomerangs
 q - 12 stones
 r - 3 atropa-tipped darts
 x - 2 boomerangs of dispersal
Armour
 f - a +1 pair of boots (worn)
 k - a +0 cloak
 s - a +2 pair of gloves (worn)
 t - the +1 robe "Xoyfoklu" (worn) {rC+ MR+ Dex+2}
   (You found it on level 5 of the Dungeon)

   It affects your dexterity (+2).
   It protects you from cold.
   It affects your resistance to hostile enchantments.
 v - a +0 cloak (worn)
 w - a +0 ring mail
Jewellery
 b - a +3 amulet of reflection
 j - an amulet of the acrobat (around neck)
 l - an uncursed ring of protection from cold
 n - a +1 ring of protection (right hand)
 u - a +6 ring of strength (left hand)
Scrolls
 d - 8 scrolls of identify
 g - 4 scrolls of magic mapping
 h - 6 scrolls of teleportation
 m - a scroll of remove curse
 o - a scroll of noise {unknown}


   Skills:
 - Level 5.1 Fighting
 - Level 3.3 Armour
 - Level 2.0 Dodging
 - Level 2.0 Stealth
 - Level 4.1 Spellcasting
 - Level 6.1 Necromancy
 + Level 6.4 Translocations


You had 10 spell levels left.
You knew the following spells:

 Your Spells              Type           Power        Failure   Level  Hunger
a - Pain                  Necr           ###.         1%          1    N/A
B - Blink                 Tloc           N/A          1%          2    N/A
V - Vampiric Draining     Necr           ###.......   3%          3    N/A

Your spell library contained the following spells:

 Spells                   Type           Power        Failure   Level  Hunger
 Animate Skeleton         Necr           N/A          1%          1    N/A
 Animate Dead             Necr           N/A          12%         4    N/A
 Magic Dart               Conj           #...         16%         1    N/A
 Call Imp                 Summ           #.......     24%         2    N/A
 Slow                     Hex            #.......     24%         2    N/A
 Conjure Flame            Conj/Fire      #.......     43%         3    N/A
 Mephitic Cloud           Conj/Pois/Air  #.......     43%         3    N/A
 Regeneration             Chrm/Necr      Unusable     N/A         3    N/A

Dungeon Overview and Level Annotations

Branches:
Dungeon (8/15)             Temple (1/1) D:5
   Lair: D:8-11

Altars:
Ashenzari
Cheibriados
Dithmenos
Elyvilon
Fedhas
Gozag
Hepliaklqana
Kikubaaqudgha
Makhleb
Nemelex Xobeh
Okawaru
Sif Muna
Trog
Uskayaw
Vehumet
Wu Jian
Xom
Yredelemnul
Zin
The Shining One

Shops:
D:8 ?

Annotations:
D:7 2 transporters, thethe's ghost, novice OgWz


Innate Abilities, Weirdness & Mutations

You do not eat or drink.
Your flesh is vulnerable to fire.
You are immune to poison.
Your flesh is cold resistant. (rC+)
You are immune to negative energy. (rN+++)
You are immune to unholy pain and torment.
You can survive without breathing.


Message History

The orc warrior misses your butterfly.
The orc warrior hits your butterfly with a +0 battleaxe!
Your butterfly dies!
Your adder closely misses the orc priest.
Your leopard gecko bites the worker ant zombie.
The orc hits your hippogriff but does no damage.
The orc priest hits you but does no damage.
The orc warrior hits you with a +0 glaive.
* * * LOW HITPOINT WARNING * * *
The worker ant zombie completely misses your leopard gecko.
Your hippogriff bites the orc warrior.
Your hippogriff pecks the orc warrior.
Your hippogriff barely misses the orc warrior.
Your iguana bites the worker ant zombie!
The worker ant zombie is destroyed!
The orc hits you but does no damage. The hound misses your adder.
You hit the orc warrior.
The orc warrior is severely wounded.
Your adder bites the orc priest.
The hound misses your adder.
The orc warrior hits you with a +0 battleaxe!
You die...

#.##.##.#
#.......#
#.###.### #.# #.#
#.# #.########
#.# #.....(..#
#+###.....l∩.#
........l...#...
.>......o@)...%♣
.........ooo..###
........SbH...#
.......h.ob...#
.o............#
...#....o..#
...........#
...........#


You could see 2 orc warriors, a hound, 2 orc priests, 2 orcs, a friendly
hippogriff, a friendly iguana, a friendly adder and a friendly leopard gecko.

Vanquished Creatures
  A spriggan (D:7)
  Sigmund (D:3)
  2 ice beasts (D:6)
  A black bear (D:7)
  2 ogres
  A centaur (D:6)
  A wyvern zombie (D:6)
  A scorpion (D:4)
  6 killer bees (D:6)
  2 crimson imps
  A jelly (D:5)
  3 orc priests (D:5)
  Crazy Yiuf (D:4)
  Jessica (D:2)
  5 worker ants
  Terence (D:2)
  3 iguanas
  5 orc wizards
  2 hound skeletons (D:4)
  A worker ant zombie (D:5)
  7 adders
  A shadow imp (D:5)
  3 oozes
  An adder zombie (D:6)
  An adder skeleton (D:4)
  4 worms
  A dart slug (D:3)
  7 leopard geckos
  18 orcs
  6 bats
  9 giant cockroaches
  4 goblins
  8 hobgoblins
  6 kobolds
  2 quokkas
  10 frilled lizards
  A jackal skeleton (D:4)
  A leopard gecko zombie (D:3)
  A quokka skeleton (D:4)
  8 rats
140 creatures vanquished.

Vanquished Creatures (collateral kills)
  A worker ant zombie (D:8)
1 creature vanquished.

Vanquished Creatures (others)
  A quokka (D:5)
1 creature vanquished.

Grand Total: 142 creatures vanquished

Notes
Turn   | Place    | Note
-------+----------+-------------------------------------------
     0 | D:1      | Destapler the Mummy Necromancer began the quest for the
                  | Orb.
     0 | D:1      | Reached XP level 1. HP: 13/13 MP: 4/4
    97 | D:1      | Reached XP level 2. HP: 18/19 MP: 1/5
   797 | D:2      | Noticed Terence
   832 | D:2      | Reached XP level 3. HP: 22/24 MP: 2/7
   837 | D:2      | Learned a level 3 spell: Vampiric Draining
   988 | D:2      | Killed Terence
   988 | D:2      | Reached skill level 1 in Armour
  1141 | D:2      | Noticed Jessica
  1145 | D:2      | Killed Jessica
  1145 | D:2      | Reached XP level 4. HP: 30/30 MP: 5/8
  1505 | D:3      | Noticed Sigmund
  1512 | D:3      | Killed Sigmund
  1512 | D:3      | Reached skill level 5 in Necromancy
  1512 | D:3      | Reached XP level 5. HP: 35/35 MP: 0/9
  1641 | D:3      | Learned a level 2 spell: Blink
  1743 | D:3      | Reached XP level 6. HP: 34/41 MP: 2/10
  2539 | D:4      | Reached skill level 1 in Fighting
  2609 | D:4      | Reached skill level 1 in Translocations
  2779 | D:4      | Found a runed translucent door.
  2780 | D:4      | Noticed Crazy Yiuf
  2787 | D:4      | Killed Crazy Yiuf
  2928 | D:4      | Reached XP level 7. HP: 49/50 MP: 0/11
  3034 | D:5      | Entered Level 5 of the Dungeon
  3034 | D:5      | Found a hide-covered altar of Uskayaw.
  3034 | D:5      | Noticed a +0 hand axe
  3034 | D:5      | Noticed a +0 hand axe
  3329 | D:5      | Got a fabulously ornate robe
  3345 | D:4      | Identified the +1 robe "Xoyfoklu" {rC+ MR+ Dex+2} (You
                  | found it on level 5 of the Dungeon)
  3408 | D:5      | Found a staircase to the Ecumenical Temple.
  3424 | Temple   | Entered the Ecumenical Temple
  3817 | D:5      | Found a white marble altar of Elyvilon.
  4344 | D:6      | Reached XP level 8. HP: 45/58 MP: 8/14
  4484 | D:6      | HP: 3/60 [killer bee (2)]
  4866 | D:6      | Found a shimmering altar of Xom.
  4874 | D:6      | Became a worshipper of Xom of Unknown Intention
  4970 | D:6      | Reached skill level 5 in Fighting
  4999 | D:6      | XOM: harmless Erth miscast
  5202 | D:6      | Reached skill level 5 in Translocations
  5234 | D:6      | XOM: harmless Summ miscast
  5276 | D:6      | XOM: silly message
  5878 | D:6      | Found a shimmering altar of Xom.
  6014 | D:7      | Found a transporter.
  6017 | D:7      | Noticed thethe's ghost (novice OgWz)
  6047 | D:7      | XOM: cloud trail
  6050 | D:7      | Found a transporter.
  6167 | D:7      | XOM: noise
  6232 | D:7      | Found an ancient bone altar of Kikubaaqudgha.
  6236 | D:7      | XOM is BORED!
  6236 | D:7      | XOM: mild Tmut miscast
  6312 | D:7      | XOM: divination: magic mapping
  6352 | D:7      | Reached XP level 9. HP: 51/68 MP: 4/15
  6525 | D:8      | Found Gunwyl's Magic Scroll Emporium.
  6550 | D:8      | XOM: butterfly on damage
  6551 | D:8      | XOM: cast spell 'Cause Fear'
  6559 | D:8      | HP: 2/68 [orc warrior/+0 glaive (6)]
  6560 | D:8      | Slain by an orc warrior

Levels and vault maps discovered:
D:1:      dpeg_arrival_orchard, layout_loops_ring
D:2:      layout_basic, first_ration, uniq_terence, uniq_jessica
D:3:      layout_basic, kennysheep_big_empty_room, kennysheep_nub, uniq_sigmund
D:4:      layout_basic, minmay_vboxes, uniq_crazy_yiuf_cottage
D:5:      layout_cave_pools, elyvilon_altar_4, dancing_weapons_uskayaw,
          minmay_temple_entry_wispy, serial_bayou_ford_a, minmay_misc_feat_tiny
D:6:      layout_loops_ring, tgw_xom
D:7:      layout_cave_pools, kiku_gazebo_pond_becter,
          gammafunk_ghost_stat_death, the_bakery
D:8:      layout_basic, nicolae_ru_awakened_eye, serial_shops, shop,
          nicolae_shop_trees, shop
Temple:   nicolae_temple_elliptical

Skill      XL: |  1  2  3  4  5  6  7  8 |
---------------+-------------------------+-----
Spellcasting   | 3 4 |  4.1
Stealth        | 2 |  2.0
Dodging        | 2 |  2.0
Armour         | 1 3 |  3.3
Necromancy     | 5 6 |  6.1
Fighting       | 2 3 5 |  5.1
Translocations | 1 3 6 |  6.4

Action                   |  1- 3 |  4- 6 |  7- 9 || total
-------------------------+-------+-------+-------++-------
Melee: Short sword       |    39 |   133 |   301 ||   473
       Dagger            |       |     7 |    13 ||    20
Throw: Stone             |     2 |       |       ||     2
       Dart              |     6 |     3 |     2 ||    11
 Cast: Pain              |    39 |    73 |   134 ||   246
       Vampiric Draining |       |    10 |    16 ||    26
       Blink             |       |       |     3 ||     3
  Use: Scroll            |     3 |     2 |     3 ||     8
 Stab: Sleeping          |     1 |     2 |     2 ||     5
Armor: Ring mail         |    11 |     8 |    31 ||    50
       Robe              |     4 |    48 |   172 ||   224
Dodge: Dodged            |    16 |   101 |   297 ||   414
Block: Other             |       |     8 |     2 ||    10
